 Dungeon Crawl Stone Soup version 0.19.1 (webtiles) character file.

227 Faca the Shield-Bearer (level 6, 4/48 HPs)
             Began as a Formicid Fighter on Dec 3, 2016.
             Was an Initiate of Trog.
             Quit the game on level 3 of the Dungeon.
             The game lasted 00:08:46 (2205 turns).

Faca the Shield-Bearer (Formicid Fighter)           Turns: 2205, Time: 00:08:47

Health: 4/48       AC:  8    Str: 20    XL:     6   Next: 22%
Magic:  6/6        EV:  8    Int:  8    God:    Trog [......]
Gold:   98         SH: 11    Dex: 12    Spells: 0 memorised, 5 levels left

rFire  . . .     SeeInvis +     d - +4 quarterstaff (chaos)
rCold  . . .     Gourm    .     b - +0 scale mail
rNeg   . . .     Faith    .     c - +1 shield
rPois  .         Spirit   .     (helmet unavailable)
rElec  .         Reflect  .     n - +0 cloak
rCorr  .         Harm     .     (no gloves)
MR     .....                    (no boots)
Stlth  ..........               (no amulet)
                                (no ring)
                                o - ring of flight

@: lethally poisoned (4 -> -3)
A: permanent stasis, dig shafts and tunnels, four strong arms, antennae 3
a: Dig, Shaft Self, Burn Spellbooks, Renounce Religion, Evoke Flight


You were on level 3 of the Dungeon.
You worshipped Trog.
Trog was noncommittal.
You were not hungry.

You visited 1 branch of the dungeon, and saw 3 of its levels.

You collected 98 gold pieces.

Inventory:

Hand Weapons
 a - a +0 war axe
 d - a +4 quarterstaff of chaos (weapon)
Armour
 b - a +0 scale mail (worn)
 c - a +1 shield (worn)
 n - a +0 cloak (worn)
Jewellery
 o - a ring of flight (left hand)
Scrolls
 h - a scroll of enchant armour
 i - a scroll of remove curse
Potions
 g - a potion of mutation {unknown}
 l - a potion of flight {unknown}
 m - a potion of heal wounds {unknown}
 p - a potion of might
Comestibles
 f - 2 bread rations
 j - a beef jerky
 k - a slice of pizza


   Skills:
 + Level 4.0 Fighting
 + Level 4.4 Axes
 + Level 1.2 Staves
 + Level 3.7 Armour
 + Level 0.5 Dodging
 + Level 4.6 Shields


You had 5 spell levels left.
You didn't know any spells.

Dungeon Overview and Level Annotations

Branches:
Dungeon (3/15)

Altars:
Cheibriados
Elyvilon
Makhleb
Sif Muna
Trog
Vehumet
Yredelemnul

Annotations:
D:3 Sigmund; tagomago's ghost, amateur MfAK


Innate Abilities, Weirdness & Mutations

You are under a permanent stasis effect.
You can dig through walls and to a lower floor.
Your four strong arms can wield two-handed weapons with a shield.
You have a pair of large antennae on your head. (SInv)


Message History

* * * LOW HITPOINT WARNING * * *
You are lethally poisoned!
The scorpion poisons you! The adder bites you but does no damage.
The ooze misses you. Sigmund closely misses you. The adder bites you.
* * * LOW HITPOINT WARNING * * *
The scorpion stings you.
* * * LOW HITPOINT WARNING * * *
You feel better. You block the adder's attack.
The ooze hits you but does no damage. The scorpion stings you.
* * * LOW HITPOINT WARNING * * *
You are lethally poisoned!
The scorpion poisons you!
* * * LOW HITPOINT WARNING * * *
You feel sick.
* * * LOW HITPOINT WARNING * * *
You feel sick.
* * * LOW HITPOINT WARNING * * *
You feel sick. You block the adder's attack.
Okay, then.
Are you sure you want to abandon this character and quit the game? (Confirm with "yes".)

...................#
...................#
...................#
...................#
######
...................#
#.....
.........)...†.....#
#.....
...........@J......#
#.....
...........sS......###
#.....
.............@.......#
#.....
..........######.....#
#..... #####....#
#.....# #..... #....#
#.....# #..... #....
#.....# #..... ....
#.....####.....
###............
#.........###
#......(..#


You could see Sigmund (invisible), a scorpion, an ooze and an adder.

Vanquished Creatures
  Crazy Yiuf (D:2)
  An orc priest (D:3)
  An orc wizard (D:3)
  Robin (D:2)
  4 adders
  An ooze (D:2)
  A worm (D:2)
  A dart slug (D:1)
  3 orcs (D:3)
  7 giant cockroaches
  16 goblins
  9 hobgoblins
  5 jackals
  2 ball pythons
  9 bats
  6 frilled lizards
  7 kobolds
  7 rats
82 creatures vanquished.

Notes
Turn   | Place    | Note
-------+----------+-------------------------------------------
     0 | D:1      | Faca the Formicid Fighter began the quest for the Orb.
     0 | D:1      | Reached XP level 1. HP: 18/18 MP: 1/1
   309 | D:1      | Reached XP level 2. HP: 24/24 MP: 2/2
   442 | D:1      | Reached XP level 3. HP: 29/29 MP: 3/3
   934 | D:2      | Noticed Robin
   944 | D:2      | Reached XP level 4. HP: 14/37 MP: 4/4
   946 | D:2      | Killed Robin
  1396 | D:2      | Found a deep blue altar of Sif Muna.
  1431 | D:2      | Found a runed door.
  1685 | D:2      | Found a burning altar of Makhleb.
  1685 | D:2      | Found a radiant altar of Vehumet.
  1685 | D:2      | Found a snail-covered altar of Cheibriados.
  1685 | D:2      | Found a bloodstained altar of Trog.
  1692 | D:2      | Found a white marble altar of Elyvilon.
  1692 | D:2      | Found a basalt altar of Yredelemnul.
  1696 | D:2      | Reached XP level 5. HP: 38/42 MP: 5/5
  1726 | D:2      | Became a worshipper of Trog the Wrathful
  1884 | D:2      | Noticed Crazy Yiuf
  1887 | D:2      | Killed Crazy Yiuf
  1948 | D:3      | Reached XP level 6. HP: 12/48 MP: 6/6
  2145 | D:3      | Reached skill level 1 in Staves
  2182 | D:3      | Noticed tagomago's ghost (amateur MfAK)
  2186 | D:3      | Noticed Sigmund
  2194 | D:3      | HP: 2/48 [adder (2)]
  2200 | D:3      | HP: 2/48 [scorpion (2)]
  2205 | D:3      | Quit the game

Skill      XL: |  1  2  3  4  5  6 |
---------------+-------------------+-----
Shields        | 4 |  4.6
Axes           | 3 4 |  4.4
Fighting       | 4 |  4.0
Staves         | 1 |  1.2
Armour         | |  3.7
Dodging        | |  0.5

Action                   |  1- 3 |  4- 6 || total
-------------------------+-------+-------++-------
Melee: War axe           |   123 |    90 ||   213
       Quarterstaff      |       |    49 ||    49
  Use: Scroll            |     6 |       ||     6
       Potion            |       |     4 ||     4
  Eat: Meat ration       |       |     1 ||     1
Armor: Scale mail        |    46 |    70 ||   116
Dodge: Dodged            |    42 |    72 ||   114
Block: Shield            |    80 |   116 ||   196
